 Dungeon Crawl Stone Soup version 0.22-a0-162-g33bf127 (webtiles) character file.

102 Gorglomux the Sneak (level 4, 0/35 HPs)
             Began as a Demonspawn Assassin on Feb 12, 2018.
             Killed from afar by an orc wizard (4 damage)
             ... with a puff of frost
             ... on level 2 of the Dungeon.
             The game lasted 00:02:54 (2006 turns).

Gorglomux the Sneak (Demonspawn Assassin)           Turns: 2006, Time: 00:02:55

Health: 0/35       AC:  6    Str: 12    XL:     4   Next: 49%
Magic:  4/4        EV: 11    Int: 13    God:
Gold:   164        SH:  6    Dex: 14    Spells: 3/3 levels left

rFire    . . .     SeeInvis .   I - +1 mace (protect)
rCold    . . .     Gourm    .   (no shield)
rNeg     . . .     Faith    .   t - +0 ring mail
rPois    .         Spirit   .   (no helmet)
rElec    .         Reflect  .   d - +0 cloak
rCorr    .         Harm     .   (no gloves)
MR       .....                  (no boots)
Stlth    ++........             (no amulet)
HPRegen  0.11/turn              l - ring of flight
MPRegen  0.09/turn              (no ring)

@: no status effects
A: large bone plates 2
a: Evoke Flight


You were on level 2 of the Dungeon.
You were hungry.

You visited 1 branch of the dungeon, and saw 3 of its levels.

You collected 164 gold pieces.

Inventory:

Hand Weapons
 a - a +2 dagger
 q - a +0 blowgun
 D - a +0 war axe
 I - a +1 mace of protection (weapon)
Missiles
 e - 8 poisoned needles
 f - 2 curare-tipped needles
Armour
 c - a +0 robe
 d - a +0 cloak (worn)
 t - a +0 ring mail (worn)
Jewellery
 l - a ring of flight (left hand)
Wands
 A - a wand of acid (3)
Scrolls
 s - a scroll of fear {unknown}
 u - 4 scrolls of remove curse {unknown}
 w - 2 scrolls of identify {unknown}
 y - a scroll of enchant armour {unknown}
 B - a scroll of amnesia {unknown}
 E - a scroll of fog {unknown}
Potions
 o - a potion of agility {unknown}
 p - 3 potions of curing {unknown}
 x - a potion of cancellation {unknown}
 G - a potion of degeneration {unknown}
 H - a potion of heal wounds {unknown}
Comestibles
 g - 4 rations
 F - a chunk of flesh


   Skills:
 + Level 3.0 Fighting
 - Level 1.7 Short Blades
 + Level 0.8 Axes
 - Level 1.7 Throwing
 + Level 1.9 Armour
 + Level 2.2 Dodging
 - Level 3.6 Stealth


You had 3 spell levels left.
You didn't know any spells.

Dungeon Overview and Level Annotations

Branches:
Dungeon (3/15)

Altars:
Gozag

Shops:
D:3 *

Annotations:
D:3 mhoghedin's ghost, amateur DEFE


Innate Abilities, Weirdness & Mutations

You are mostly covered in large bone plates. (SH +6)


Message History

Unknown command!
Unknown command!
You flatten the butt like a pancake!
You annihilate the orc!!!
The frilled lizard misses you! Something hits you! * * * don't die
* * * The frilled lizard closely butts butt!
Something hits you but does no damage!
You miss something! Something hits you but does no damage!
The frilled lizard bites butt but does no damage!
Something hits you but does no damage!
The frilled lizard bites you! * * * butt't die
* * * Butt hear some strange, mumbled butts!
A puff of frost butts from out of thin air!!!
The puff of frost hits you!!! * * * don't die
* * * You hear some strange, mumbled words!
A puff of frost appears from out of thin air!!!
The puff of frost hits you!!! rip

....######..# ###.#.#..........#
............# #...#.####.......#
....#.......###.#....# #.......#
............##..#....# #.......#
....##......##...[...###.#######
....##......#....>........#
....######..#..##l{.......#
....# ##)...#..###.....#
....######...#.#@####.....#
#####.....................#
##...............####.....#
......###......### #.....#
.#.#### #.....## #.....# ##.#
#.....# #.....# #..# #.....#
####### ..## #..<..###########
.## #.....##........#


You could see a frilled lizard.

Vanquished Creatures
  2 adders (D:3)
  An ooze (D:3)
  A worm (D:3)
  2 dart slugs (D:1)
  3 leopard geckos
  9 orcs
  2 giant cockroaches
  3 goblins
  6 hobgoblins
  8 jackals
  3 bats
  3 frilled lizards
  7 kobolds
  9 rats
59 creatures vanquished.

Notes
Turn   | Place    | Note
-------+----------+-------------------------------------------
     0 | D:1      | Gorglomux the Demonspawn Assassin began the quest for the Orb.
     0 | D:1      | Reached XP level 1. HP: 16/16 MP: 1/1
    59 | D:1      | Reached skill level 1 in Dodging
   193 | D:1      | Gained mutation: You are partially covered in large bone plates. (SH +4) [demonic ancestry]
   193 | D:1      | Reached XP level 2. HP: 17/22 MP: 2/2
   382 | D:1      | Reached skill level 1 in Armour
   872 | D:2      | Gained mutation: You are mostly covered in large bone plates. (SH +6) [demonic ancestry]
   872 | D:2      | Reached XP level 3. HP: 28/28 MP: 3/3
  1407 | D:3      | Found an opulent altar of Gozag.
  1417 | D:3      | Found Gozag's Platinum Reserve.
  1458 | D:3      | Reached XP level 4. HP: 22/34 MP: 4/4
  1510 | D:3      | Noticed mhoghedin's ghost (amateur DEFE)
  1738 | D:3      | Reached skill level 3 in Fighting
  2006 | D:2      | Killed from afar by an orc wizard

Vault maps used:
D:1:      dpeg_arrival_ratfight
D:2:      minmay_domino_4
D:3:      nicolae_gozag_zags_fifth_avenue, portal_sewer_entry_a,
          nicolae_qazlal_general_emergency

Skill      XL: |  1  2  3  4 |
---------------+-------------+-----
Dodging        | 1 2 |  2.2
Armour         | 1 |  1.9
Fighting       | 3 |  3.0
Short Blades   | |  1.7
Axes           | |  0.8
Throwing       | |  1.7
Stealth        | |  3.6

Action                   |  1- 3 |  4- 6 || total
-------------------------+-------+-------++-------
Melee: Dagger            |   200 |    51 ||   251
       Mace              |       |     8 ||     8
 Stab: Sleeping          |     5 |       ||     5
  Eat: Chunk             |     2 |     1 ||     3
Armor: Ring mail         |    63 |    27 ||    90
Dodge: Dodged            |   111 |    44 ||   155
Block: Other             |    44 |    24 ||    68

Table legend:
 A = Spawn XP
 B = Non-spawn XP
 C = Spawn XP percentage of total XP
 D = Spawn monster count
 E = Non-spawn monster count
 F = Spawn count percentage of total count
 G = Total turns spent on level
                    A         B        C        D         E        F      G
               +---------+---------+-------+---------+---------+-------+---------
         Total |       0 |     146 |   0.0 |       0 |      59 |   0.0 |  2006
               +---------+---------+-------+---------+---------+-------+---------
           D:1 |       0 |      31 |   0.0 |       0 |      20 |   0.0 |   670
           D:2 |       0 |      22 |   0.0 |       0 |      11 |   0.0 |   788
           D:3 |       0 |      93 |   0.0 |       0 |      28 |   0.0 |   548
               +---------+---------+-------+---------+---------+-------+---------
